Map: Site Delta LE

Players

DKZherO (herO)

  • Race: Protoss Protoss
  • Spawn Location: 5:00

LiquidClem (Clem) - Winner!

  • Race: Terran Terran
  • League: Master
  • Spawn Location: 11:00

VOD

Have the link to the VOD?

Description

Time

  • Played on: Dec. 4, 2023, 7:52 p.m.
  • Length: 21:48
Show
View Real Time Build Order
Export as new Build Order

DKZherO Protoss 

Build Orders: 1 Gate Expand, Blink Stalkers 

Get SALT Encoding   

  12  0:00  Probe  
  13  0:12  Probe  
  14  0:17  Pylon  
  14  0:24  Probe  
  15  0:36  Gateway, Probe (Chrono Boost)  
  16  0:42  Assimilator  
  16  0:48  Probe (Chrono Boost)  
  17  0:53  Probe (Chrono Boost)  
  18  1:03  Probe  
  19  1:15  Probe  
  20  1:23  Cybernetics Core  
  20  1:32  Nexus  
  20  1:39  Pylon  
  20  1:41  Probe  
  21  1:47  Assimilator  
  21  1:53  Probe  
  22  1:56  Adept (Chrono Boost)  
  22  1:59  Warp Gate  
  24  2:06  Probe  
  25  2:16  Adept (Chrono Boost)  
  25  2:18  Probe  
  28  2:24  Twilight Council  
  28  2:30  Probe  
  29  2:39  Stalker  
  29  2:43  Probe  
  29  2:44  Probe  
  33  2:56  Probe x2  
  33  2:57  Blink (Chrono Boost)  
  35  3:08  Probe x2  
  36  3:16  Gateway  
  36  3:17  Robotics Facility  
  36  3:20  Probe x2  
  38  3:32  Probe x2  
  38  3:37  Gateway  
  38  3:38  Gateway  
  38  3:44  Probe x2  
  40  3:48  Stalker  
  40  3:52  Pylon  
  42  3:57  Probe x2  
  42  4:00  Warp Prism (Chrono Boost)  
  46  4:11  Stalker  
  48  4:20  Stalker  
  48  4:21  Pylon  
  50  4:27  Probe x2  
  52  4:33  Stalker  
  52  4:37  Assimilator  
  54  4:39  Probe x2  
  54  4:43  Stalker x3  
  62  4:51  Pylon  
  62  5:13  Pylon  
  62  5:15  Stalker x3  
  62  5:16  Stalker  
  70  5:26  Pylon  
  70  5:31  Probe x2  
  70  5:41  Stalker x4  
  78  5:43  Probe  
  78  5:44  Probe  
  59  6:05  Stalker  
  59  6:06  Stalker x3  
  59  6:07  Probe x2  
  69  6:13  Nexus  
  69  6:25  Probe x2  
  69  6:32  Stalker x3  
  71  6:40  Probe x2  
  71  6:43  Charge  
  73  6:53  Observer, Probe  
  73  6:54  Probe  
  76  6:56  Pylon  
  76  7:01  Stalker x4  
  84  7:10  Probe x2  
  80  7:22  Probe x2  
  60  7:30  Immortal (Chrono Boost)  
  60  7:34  Stalker x2  
  60  7:35  Stalker x2  
  60  7:36  Probe x2  
  74  7:54  Gateway  
  74  7:56  Gateway  
  74  7:58  Gateway, Forge  
  74  8:04  Stalker x3  
  80  8:07  Stalker  
  80  8:08  Probe  
  80  8:10  Probe x2  
  85  8:17  Shield Battery  
  85  8:21  Gateway  
  85  8:22  Probe x2  
  85  8:23  Pylon, Probe  
  88  8:39  Zealot x4  
  96  8:45  Protoss Ground Weapons Level 1 (Chrono Boost)  
  92  8:50  Probe x2  
  92  8:54  Immortal  
  95  9:04  Zealot x7  
  109  9:12  Dark Shrine  
  109  9:13  Pylon  
  109  9:16  Assimilator  
  109  9:27  Zealot x5  
  117  9:37  Stalker x2  
  109  9:43  Observer (Chrono Boost)  
  72  9:55  Probe x2  
  72  9:56  Probe  
  72  9:59  Assimilator  
  69  10:01  Warp Prism (Chrono Boost)  
  67  10:08  Stalker x4  
  67  10:09  Stalker x3  
  75  10:27  Robotics Bay  
  75  10:28  Observer  
  75  10:31  Dark Templar  
  77  10:36  Dark Templar, Zealot  
  77  10:37  Zealot x5  
  77  10:38  Pylon  
  77  10:41  Probe x3  
  94  10:44  Observer  
  95  10:52  Nexus  
  95  10:59  Extended Thermal Lance  
  95  11:09  Protoss Ground Weapons Level 2 (Chrono Boost)  
  95  11:12  Zealot x7  
  95  11:14  Colossus (Chrono Boost)  
  95  11:17  Observer  
  115  11:32  Probe x2  
  115  11:33  Probe  
  112  11:46  Photon Cannon  
  112  11:49  Photon Cannon  
  112  11:51  Shield Battery  
  112  11:53  Colossus (Chrono Boost)  
  111  11:57  Sentry, Zealot, Photon Cannon, Stalker  
  122  12:10  Stalker x4  
  130  12:18  Robotics Facility  
  130  12:22  Dark Templar  
  130  12:23  Zealot x2  
  132  12:34  Colossus (Chrono Boost)  
  125  12:37  Zealot x4  
  125  12:43  Observer  
  117  12:44  Stalker x3  
  111  13:03  Observer  
  101  13:07  Colossus (Chrono Boost)  
  107  13:15  Photon Cannon  
  107  13:16  Probe x3  
  107  13:17  Colossus (Chrono Boost), Probe  
  112  13:27  Stalker x3  
  112  13:28  Zealot x5  
  112  13:33  Protoss Ground Armor Level 1 (Chrono Boost)  
  128  13:34  Pylon  
  126  13:49  Stalker x5  
  126  13:55  Stalker x2  
  138  14:08  Disruptor (Chrono Boost)  
  128  14:21  Zealot x7  
  128  14:22  Zealot  
  128  14:23  Disruptor (Chrono Boost)  
  145  14:45  Zealot  
  147  14:47  Pylon  
  147  14:49  Nexus, Pylon  
  147  14:50  Pylon  
  147  14:51  Disruptor (Chrono Boost)  
  147  14:52  Pylon  
  145  15:05  Disruptor (Chrono Boost)  
  149  15:19  Stalker x5  
  149  15:20  Zealot, Stalker x2  
  161  15:27  Observer (Chrono Boost)  
  156  15:37  Disruptor (Chrono Boost)  
  156  15:40  Probe x2  
  156  15:41  Probe x2  
  156  15:42  Photon Cannon  
  162  15:43  Shield Battery  
  162  15:49  Sentry x3  
  168  15:50  Zealot x5  
  168  15:55  Gateway  
  176  16:03  Disruptor (Chrono Boost)  
  162  16:16  Stalker x3  
  162  16:17  Zealot x4  
  174  16:25  Warp Prism (Chrono Boost)  
  174  16:39  Zealot x6  
  173  16:56  Disruptor x2 (Chrono Boost)  
  175  17:02  Zealot x3, Stalker x2  
  117  17:29  Disruptor (Chrono Boost)  
  93  17:31  Zealot x8  
  109  17:37  Assimilator, Probe x2  
  109  17:38  Assimilator, Probe x2  
  113  17:50  Shield Battery  
  113  17:53  Stalker  
  113  17:54  Zealot x3, Stalker x3  
  113  17:55  Zealot x2  
  131  18:04  Pylon x2  
  131  18:11  Nexus  
  131  18:14  Colossus (Chrono Boost)  
  134  18:25  Stalker x2  
  129  18:43  Colossus (Chrono Boost)  
  129  18:58  Shield Battery, Colossus (Chrono Boost)  
  129  18:59  Zealot  
  129  19:00  Zealot x2, Photon Cannon  
  116  19:15  Stalker  
  114  19:22  Zealot  
  114  19:23  Zealot x3  
  122  19:26  Colossus (Chrono Boost)  
  122  19:29  Dark Templar  
  128  19:41  Stalker x4  
  137  19:46  Observer  
  137  19:49  Stalker  
  137  19:50  Stalker  
  141  19:59  Zealot x2  
  145  20:02  Zealot  
  145  20:08  Dark Templar, Zealot  
  145  20:09  Zealot x2  
  132  20:25  Stalker x4  
  63  20:51  Stalker x3  
  63  20:52  Stalker x2  
  63  20:53  Observer  
  72  20:57  Zealot x2  
  62  21:14  Probe x4  
  66  21:20  Probe  
  66  21:22  Sentry x2  
  66  21:23  Zealot x3  
  77  21:29  Probe x2  
  77  21:31  Probe  
  80  21:33  Zealot  
Show
View Real Time Build Order
Export as new Build Order

LiquidClem Terran - Winner!

Build Orders: Reaper Expand 

Get SALT Encoding   

  12  0:00  SCV  
  13  0:12  SCV  
  14  0:17  Supply Depot  
  14  0:24  SCV  
  15  0:39  SCV  
  15  0:40  Barracks  
  16  0:43  Refinery  
  16  0:51  SCV  
  17  1:03  SCV  
  18  1:15  SCV  
  19  1:28  Orbital Command, Reaper  
  20  1:38  Command Center  
  20  1:46  Supply Depot  
  20  1:53  SCV  
  21  1:59  Marine  
  22  2:06  SCV  
  23  2:12  Bunker, Factory  
  23  2:18  SCV  
  23  2:20  Barracks Reactor  
  24  2:25  Refinery  
  24  2:30  SCV  
  25  2:42  SCV  
  26  2:56  Hellion  
  26  2:57  Starport  
  26  2:58  Marine x2  
  30  2:59  Orbital Command  
  30  3:00  SCV  
  31  3:13  SCV  
  31  3:18  Supply Depot, Widow Mine  
  31  3:19  Marine x2  
  36  3:25  SCV x2  
  38  3:35  Medivac  
  38  3:37  SCV x2  
  38  3:39  Widow Mine  
  44  3:42  Supply Depot  
  44  3:44  Marine x2  
  46  3:49  SCV  
  46  3:51  SCV  
  46  3:53  Barracks  
  48  4:01  SCV  
  48  4:02  Factory Tech Lab, Marine x2  
  51  4:03  SCV  
  51  4:06  Starport Tech Lab  
  52  4:13  SCV  
  52  4:14  Refinery  
  52  4:16  Engineering Bay  
  53  4:20  SCV  
  53  4:22  Siege Tank  
  56  4:25  SCV, Marine x2  
  56  4:28  Raven  
  61  4:33  Supply Depot  
  61  4:34  SCV  
  62  4:40  Bunker  
  62  4:42  SCV  
  62  4:44  Barracks  
  61  4:48  SCV, Supply Depot  
  62  4:55  Marine x3  
  62  4:57  Siege Tank  
  62  4:59  SCV  
  67  5:01  SCV  
  68  5:11  SCV, Supply Depot  
  68  5:12  Marine x2  
  68  5:13  SCV  
  72  5:17  Terran Infantry Weapons Level 1, Refinery  
  71  5:23  SCV  
  71  5:25  SCV  
  71  5:26  Marauder  
  75  5:31  Supply Depot  
  75  5:34  Siege Tank  
  75  5:35  SCV  
  79  5:36  Marine  
  79  5:37  SCV  
  79  5:40  Marine  
  80  5:47  SCV, Marauder  
  81  5:51  Marine  
  81  5:52  SCV  
  78  5:59  SCV  
  75  6:04  SCV  
  75  6:05  Refinery  
  75  6:06  Refinery  
  75  6:10  Siege Tank  
  79  6:11  Marine  
  79  6:13  Marine  
  79  6:15  SCV  
  82  6:19  Marauder  
  82  6:21  SCV  
  85  6:26  Barracks Tech Lab  
  85  6:27  SCV  
  85  6:32  Missile Turret  
  84  6:33  Missile Turret, SCV  
  84  6:35  Marine x2  
  84  6:38  Starport Reactor  
  85  6:41  Command Center  
  85  6:44  Stimpack, Factory Reactor  
  85  6:46  Barracks Tech Lab  
  83  6:47  Marauder  
  85  6:54  Barracks  
  85  6:57  Barracks  
  85  6:59  Marine x2  
  85  7:00  SCV  
  88  7:04  SCV  
  88  7:06  Marauder  
  89  7:11  Marauder  
  89  7:12  SCV  
  86  7:16  SCV, Medivac x2  
  87  7:23  Marine x2  
  87  7:24  SCV  
  87  7:27  Marauder  
  87  7:28  SCV  
  87  7:29  Widow Mine  
  89  7:36  SCV  
  88  7:40  SCV  
  88  7:42  Marine x2  
  89  7:46  Barracks Tech Lab x2  
  89  7:47  Medivac x2  
  89  7:48  SCV, Widow Mine  
  93  7:52  SCV  
  93  7:53  Terran Infantry Armor Level 1  
  93  7:57  Orbital Command, Supply Depot  
  94  7:59  Marauder  
  94  8:00  Marine x2  
  94  8:04  Widow Mine  
  100  8:06  Marauder  
  100  8:09  Marauder  
  100  8:10  Widow Mine  
  107  8:13  SCV, Marauder  
  107  8:16  Combat Shield  
  107  8:18  SCV, Marine x2  
  112  8:22  Marauder  
  115  8:27  SCV  
  115  8:28  Orbital Command  
  115  8:29  Supply Depot  
  115  8:30  Medivac  
  115  8:34  SCV, Marauder  
  116  8:37  Marine, Concussive Shells  
  117  8:41  Marine  
  117  8:42  Marine  
  117  8:46  Widow Mine  
  117  8:51  Widow Mine, Marauder  
  117  8:53  Marauder  
  117  8:54  SCV x2  
  123  8:58  Marine  
  123  9:00  Marauder  
  118  9:04  Ghost Academy  
  118  9:05  Supply Depot  
  118  9:06  Marine  
  118  9:09  Widow Mine  
  121  9:11  Refinery  
  121  9:12  Marauder  
  121  9:16  SCV, Refinery  
  124  9:17  Supply Depot  
  124  9:19  Supply Depot, Marine  
  124  9:22  Marauder  
  125  9:26  Viking  
  125  9:27  Widow Mine  
  125  9:30  Supply Depot, Medivac  
  131  9:32  Marine  
  131  9:35  Marauder  
  131  9:36  Marauder  
  131  9:38  Widow Mine  
  125  9:39  Marine  
  125  9:40  Marauder  
  125  9:42  SCV  
  125  9:43  SCV  
  109  9:47  Marine  
  109  9:50  Marine  
  109  9:51  SCV  
  101  9:55  SCV  
  101  9:57  Marauder  
  102  10:01  Marauder x2  
  102  10:02  Marine  
  102  10:03  Widow Mine  
  102  10:06  Marauder  
  105  10:08  SCV  
  105  10:09  SCV  
  105  10:10  Marine  
  105  10:12  SCV  
  109  10:15  Widow Mine  
  109  10:18  Marauder, Medivac  
  111  10:22  Medivac  
  111  10:23  Marauder, Marine  
  111  10:26  Widow Mine  
  118  10:33  Command Center  
  116  10:37  Bunker  
  116  10:43  Sensor Tower  
  116  10:45  Marine x2  
  116  10:48  Armory  
  116  10:49  Engineering Bay  
  118  10:54  Ghost x2  
  122  10:58  Ghost  
  122  11:00  SCV x2  
  122  11:04  Marauder, SCV  
  121  11:12  SCV x2  
  121  11:13  Marine  
  121  11:14  Missile Turret  
  121  11:15  Marine  
  121  11:16  SCV  
  122  11:24  SCV x2, Marauder x2  
  125  11:27  Marine, Widow Mine  
  125  11:28  SCV  
  125  11:31  Marine  
  125  11:32  Marauder  
  130  11:35  Widow Mine  
  130  11:36  Marine, SCV, Medivac x2  
  130  11:38  SCV  
  139  11:42  SCV  
  139  11:46  Marauder x2  
  144  11:48  SCV  
  144  11:49  Widow Mine  
  144  11:52  Marine  
  144  11:53  Marauder  
  150  11:56  Missile Turret  
  150  11:59  Terran Infantry Weapons Level 2  
  150  12:01  Marine  
  150  12:05  Marauder  
  153  12:08  Terran Infantry Armor Level 2  
  153  12:12  Planetary Fortress  
  152  12:17  Marauder, Marine  
  152  12:20  Widow Mine x2  
  159  12:23  Marine  
  159  12:24  SCV x2, Marauder  
  164  12:30  SCV, Marauder  
  164  12:31  Marauder  
  164  12:35  Marine  
  164  12:36  SCV  
  160  12:39  Marauder  
  160  12:42  Widow Mine, Marine  
  146  12:45  Marauder, SCV  
  146  12:50  Medivac  
  141  12:51  Marine  
  141  12:52  Marauder  
  141  12:53  Marine  
  141  12:54  Widow Mine  
  138  13:00  Marauder, Medivac, Marine  
  138  13:03  SCV  
  141  13:07  Marauder  
  141  13:08  Widow Mine  
  141  13:09  Marine  
  144  13:14  Refinery x2  
  144  13:15  Terran Ship Weapons Level 1  
  144  13:16  Marine  
  144  13:18  Refinery  
  145  13:22  Marine  
  145  13:23  Marauder x2  
  150  13:27  Marauder  
  150  13:29  Ghost  
  150  13:33  Supply Depot  
  154  13:34  Supply Depot  
  154  13:35  Supply Depot  
  154  13:37  Widow Mine  
  154  13:39  Marine  
  153  13:44  Ghost  
  153  13:46  Marauder, SCV  
  150  13:49  SCV x2  
  150  13:50  Marine  
  150  13:53  Marauder  
  155  13:58  SCV  
  155  13:59  Command Center  
  155  14:02  Marauder  
  157  14:05  Missile Turret  
  157  14:09  Viking x2  
  151  14:21  Ghost x2, Widow Mine  
  151  14:22  Widow Mine  
  151  14:23  Marine x2  
  156  14:24  Ghost  
  156  14:30  Marauder  
  160  14:34  Terran Infantry Weapons Level 3  
  160  14:38  Viking  
  160  14:44  Barracks  
  160  14:45  Barracks  
  162  14:48  Terran Infantry Armor Level 3  
  162  14:54  Barracks  
  162  14:56  Viking  
  162  14:58  Marauder  
  162  14:59  Marine  
  167  15:04  Sensor Tower, Marine  
  167  15:05  Marauder  
  169  15:09  Marauder  
  169  15:13  Viking  
  173  15:19  Marauder, Marine  
  162  15:30  Starport  
  162  15:32  SCV x3  
  162  15:34  SCV  
  166  15:37  Marine  
  166  15:38  Marauder x2  
  166  15:41  Marine  
  172  15:42  Missile Turret  
  172  15:44  SCV  
  172  15:45  Terran Ship Weapons Level 2, Ghost  
  172  15:47  Marauder  
  172  15:48  SCV  
  176  15:53  Barracks Tech Lab  
  176  15:54  Barracks Tech Lab  
  176  15:56  Planetary Fortress  
  176  15:59  Barracks Reactor, Marauder  
  176  16:02  Viking x2  
  169  16:06  Marine  
  169  16:08  Marauder, Marine  
  169  16:09  Marine  
  163  16:11  Marine  
  163  16:14  Marine  
  163  16:16  Viking  
  162  16:19  Viking  
  164  16:26  Marauder x2  
  164  16:27  Marauder  
  164  16:28  Supply Depot  
  164  16:29  Marine x2  
  164  16:32  Marauder  
  170  16:34  Marauder  
  170  16:38  Marauder  
  174  16:41  Marine  
  174  16:45  Viking  
  175  16:47  Viking, Marauder x2  
  175  16:50  Viking  
  165  16:55  Marauder, Marine  
  165  16:57  Marauder  
  165  16:59  Marauder  
  165  17:01  Marine, Marauder  
  171  17:02  Marine  
  171  17:03  Marine  
  168  17:09  Viking  
  168  17:10  Marine  
  168  17:15  Marine, Marauder  
  148  17:20  Marine  
  120  17:22  Marine  
  120  17:23  Marauder  
  120  17:25  Marauder  
  120  17:27  Marine  
  118  17:30  SCV x2  
  118  17:32  Marine  
  118  17:34  SCV  
  118  17:35  SCV  
  122  17:38  SCV  
  122  17:42  SCV  
  122  17:44  Medivac  
  126  17:48  Marine x2, Medivac  
  126  17:50  SCV  
  131  17:52  SCV  
  131  17:53  Marine  
  133  17:58  Medivac  
  133  17:59  Marine  
  133  18:00  SCV x2  
  138  18:07  Marauder  
  138  18:09  Medivac  
  138  18:10  Marine x2  
  144  18:15  Marine, Marauder  
  146  18:22  Marine x2  
  146  18:23  Ghost, Marauder x2  
  153  18:28  SCV  
  153  18:29  Sensor Tower  
  153  18:31  Marine  
  153  18:33  Marine, Medivac  
  158  18:34  Marine  
  158  18:37  Medivac  
  158  18:38  Marine  
  158  18:41  Marine  
  159  18:42  Marine x2  
  159  18:44  Marine  
  159  18:46  Marine  
  159  18:48  SCV  
  161  18:49  SCV  
  161  18:53  Marauder  
  161  18:54  Marine  
  153  18:57  Marauder  
  153  18:58  Marine  
  153  19:00  Marine, Marauder  
  157  19:03  Marine  
  157  19:05  Ghost  
  157  19:08  Marauder, Marine  
  152  19:12  Marine  
  152  19:14  Marine  
  152  19:18  Marauder  
  152  19:19  SCV x2  
  152  19:20  Marine, SCV  
  152  19:23  SCV  
  159  19:27  Orbital Command  
  159  19:31  Marauder, SCV, Marine x2  
  161  19:36  Medivac  
  161  19:37  Marauder  
  166  19:39  Marine x2  
  166  19:45  Missile Turret  
  168  19:49  Viking  
  166  19:53  Viking  
  166  19:59  Viking  
  168  20:00  Marauder  
  168  20:04  Marauder, Marine  
  168  20:06  Marauder  
  170  20:14  Viking  
  170  20:16  Marauder  
  170  20:18  Marine  
  170  20:19  Viking, Marauder  
  170  20:20  Marine  
  176  20:22  Marine  
  176  20:25  Viking  
  176  20:27  Marine x2  
  171  20:29  Marauder  
  171  20:35  Medivac  
  171  20:37  Marine  
  171  20:41  Marauder  
  171  20:42  Marauder, Marine x2  
  172  20:44  Medivac  
  172  20:46  Marine  
  172  20:47  Marauder  
  172  20:48  Marauder  
  178  20:52  Ghost  
  178  20:54  Marine  
  178  20:55  SCV  
  178  20:56  SCV x2  
  184  20:59  Marine  
  184  21:01  Marine  
  184  21:02  Marauder  
  184  21:04  Marauder  
  187  21:09  Medivac  
  187  21:10  Marauder, Marine x2  
  187  21:11  Marine  
  175  21:13  Marauder  
  175  21:20  Refinery  
  175  21:21  Marauder  
  179  21:27  Marine x2  
Tags
 
Add a new tag
Caveats
  • Supply blocks, unpowered buildings, or Contaminate may cause inaccurate times.
  • Supply counts are checked every 10 seconds.